 Dungeon Crawl Stone Soup version 0.21-a0-227-g58a7c62 (webtiles) character file.

1769 sveltemanboy the Spear-Bearer (level 8, -5/58 HPs)
             Began as a Demonspawn Monk on Aug 30, 2017.
             Slain by a phantom (7 damage)
             ... on level 6 of the Dungeon.
             The game lasted 00:10:36 (6240 turns).

sveltemanboy the Spear-Bearer (Demonspawn Monk)     Turns: 6240, Time: 00:10:37

Health: -5/58      AC:  5    Str: 13    XL:     8   Next: 80%
Magic:  18/18      EV: 11    Int: 13    God:
Gold:   281        SH:  0    Dex: 15    Spells: 9/9 levels left

rFire    + + .     SeeInvis .   d - +0 halberd (venom)
rCold    + . .     Gourm    .   (shield currently unavailable)
rNeg     . . .     Faith    .   i - +0 ring mail
rPois    .         Spirit   .   (helmet restricted)
rElec    .         Reflect  .   r - scarf {rC+ rF+}
rCorr    .         Harm     .   (no gloves)
MR       .....                  (no boots)
Stlth    +.........             (no amulet)
HPRegen  0.19/turn              v - ring of protection from fire
MPRegen  0.16/turn              p - ring of magical power

@: very slightly contaminated, hasted, invisible, very quick
A: antennae 2, rot immunity
a: no special abilities


You were on level 6 of the Dungeon.
You were not hungry.

You visited 1 branch of the dungeon, and saw 6 of its levels.

You collected 281 gold pieces.

Inventory:

Hand Weapons
 d - a +0 halberd of venom (weapon)
 m - a +3 trident of protection
Armour
 i - a +0 ring mail (worn)
 r - a scarf of resistance (worn)
Jewellery
 p - a ring of magical power (right hand)
 v - a ring of protection from fire (left hand)
Wands
 u - a wand of enslavement (5/24)
Scrolls
 a - 2 scrolls of fear {unknown}
 e - a scroll of enchant armour {unknown}
 f - a scroll of blinking {unknown}
 g - 5 scrolls of identify {unknown}
 h - a scroll of recharging {unknown}
 l - 6 scrolls of teleportation
 o - 4 scrolls of remove curse
 y - a scroll of noise {unknown}
 z - a scroll of amnesia {unknown}
Potions
 s - a potion of ambrosia {unknown}
 t - a potion of curing {unknown}
 x - a potion of might {unknown}
Comestibles
 b - a royal jelly
 c - 3 bread rations
 j - a meat ration
 q - 5 fruits
 w - 4 chunks of flesh


   Skills:
 - Level 3.0 Fighting
   Level 5.3 Maces & Flails
 * Level 8.9 Polearms
 - Level 2.0 Armour
 - Level 2.6 Dodging
 - Level 1.7 Stealth
 - Level 1.0 Spellcasting


You had 9 spell levels left.
You didn't know any spells.

Dungeon Overview and Level Annotations

Branches:
Dungeon (6/15)
 Temple: D:4-7

Altars:

Shops:
D:4 =


Innate Abilities, Weirdness & Mutations

You have a pair of antennae on your head.
You are immune to rotting.


Message History

You fade into invisibility!
You are very lightly contaminated with residual magic.
It was a potion of haste.
You feel yourself speed up.
You hit Menkaure.
Menkaure is moderately damaged.
You hit Menkaure.
Menkaure is moderately damaged.
Menkaure hits you!
* * * LOW HITPOINT WARNING * * *
You hit Menkaure but do no damage.
Menkaure is moderately damaged.
You barely miss Menkaure.
Menkaure is moderately damaged.
Menkaure completely misses you.
You slash Menkaure!
Menkaure is almost destroyed.
You puncture Menkaure!
You destroy Menkaure!
The phantom hits you!
You die...

.#####...##
#....#
#....###### ###.
###.......# ....
##......# ....
#......# ....
#......# ....
#...W..# ####
#.#>.@.#
...#.####
#.#####.#
#.......########
###....†§.......
#....M........
#.............
#.............
#.............


You could see a phantom.

Vanquished Creatures
  Menkaure (D:6)
  A water moccasin (D:6)
  3 ogres
  A necrophage (D:5)
  A phantom (D:6)
  A centaur (D:5)
  3 killer bees (D:6)
  2 howler monkeys
  A centaur zombie (D:6)
  5 hounds
  A gnoll shaman (D:6)
  An orc priest (D:5)
  Ijyb (D:3)
  Jessica (D:3)
  An iguana (D:5)
  2 orc wizards
  Natasha (thrice) (D:3)
  6 worker ants
  A hound skeleton (D:4)
  10 gnolls
  3 adders
  A shadow imp (D:6)
  4 worms
  5 dart slugs
  A leopard gecko (D:1)
  11 orcs
  2 bats
  7 giant cockroaches
  3 goblins (D:1)
  7 hobgoblins
  3 kobolds
  2 quokkas
  A frilled lizard (D:3)
  A jackal skeleton (D:4)
  6 rats
103 creatures vanquished.

Vanquished Creatures (others)
  A worm (D:5)
1 creature vanquished.

Grand Total: 104 creatures vanquished

Notes
Turn   | Place    | Note
-------+----------+-------------------------------------------
     0 | D:1      | sveltemanboy the Demonspawn Monk began the quest for the Orb.
     0 | D:1      | Reached XP level 1. HP: 18/18 MP: 1/1
     2 | D:1      | Noticed a demigod
     2 | D:1      | Noticed a minotaur
     4 | D:1      | Noticed a ghoul
     4 | D:1      | Noticed a naga
     6 | D:1      | Noticed a draconian
     6 | D:1      | Noticed a spriggan
     8 | D:1      | Noticed a troll
    10 | D:1      | Noticed an ogre
    10 | D:1      | Noticed a formicid
    12 | D:1      | Noticed a vampire
    12 | D:1      | Noticed a merfolk
    14 | D:1      | Noticed a human
    14 | D:1      | Noticed an octopode
    16 | D:1      | Noticed a tengu
    16 | D:1      | Noticed a demonspawn
    18 | D:1      | Noticed an elf
    20 | D:1      | Noticed a dwarf
    20 | D:1      | Noticed a centaur
    22 | D:1      | Noticed a felid
    24 | D:1      | Noticed a gargoyle
    26 | D:1      | Noticed a vine stalker
    26 | D:1      | Noticed a halfling
   187 | D:1      | Gained mutation: You are immune to rotting. [demonic ancestry]
   187 | D:1      | Reached XP level 2. HP: 17/24 MP: 2/2
   352 | D:1      | Reached skill level 1 in Armour
   383 | D:1      | Reached skill level 1 in Maces & Flails
   942 | D:2      | Reached XP level 3. HP: 26/29 MP: 3/3
  1400 | D:2      | Reached XP level 4. HP: 29/35 MP: 4/4
  2372 | D:3      | Noticed Ijyb
  2391 | D:3      | Killed Ijyb
  2444 | D:3      | Noticed Natasha
  2457 | D:3      | Killed Natasha
  2457 | D:3      | Reached XP level 5. HP: 29/41 MP: 5/5
  2476 | D:3      | Noticed Natasha
  2486 | D:3      | Killed Natasha
  2727 | D:3      | Noticed Natasha
  2737 | D:3      | Killed Natasha
  2737 | D:3      | Reached skill level 1 in Spellcasting
  3185 | D:3      | Noticed Jessica
  3191 | D:3      | Killed Jessica
  3398 | D:4      | Noticed an ogre
  3450 | D:4      | Killed an ogre
  3450 | D:4      | Gained mutation: You have a pair of small antennae on your head. [demonic ancestry]
  3450 | D:4      | Reached XP level 6. HP: 37/47 MP: 7/7
  3625 | D:4      | Reached skill level 5 in Maces & Flails
  3839 | D:4      | Reached skill level 3 in Polearms
  4161 | D:4      | Found Faessel's Jewellery Shoppe.
  4330 | D:5      | Entered Level 5 of the Dungeon
  4422 | D:5      | Reached skill level 4 in Polearms
  4422 | D:5      | Reached XP level 7. HP: 31/52 MP: 8/8
  4807 | D:5      | Reached skill level 5 in Polearms
  5053 | D:5      | Reached skill level 6 in Polearms
  5381 | D:6      | Gained mutation: You have a pair of antennae on your head. [demonic ancestry]
  5381 | D:6      | Reached XP level 8. HP: 58/58 MP: 9/9
  5560 | D:6      | Reached skill level 7 in Polearms
  5934 | D:6      | Reached skill level 8 in Polearms
  6220 | D:6      | Noticed Menkaure
  6236 | D:6      | HP: 2/58 [Menkaure (15)]
  6240 | D:6      | Killed Menkaure
  6240 | D:6      | Slain by a phantom

Vault maps used:
D:1:      kb_arrival_jail
D:2:      corner_web_ring, minmay_surrounded
D:3:      uniq_jessica, uniq_natasha, uniq_ijyb
D:4:      serial_shops, shop
D:5:      first_bread, cheibrodos_gnoll_hut
D:6:      uniq_menkaure

Skill      XL: |  1  2  3  4  5  6  7  8 |
---------------+-------------------------+-----
Armour         | 1 2 |  2.0
Maces & Flails | 1 2 3 4 5 |  5.3
Spellcasting   | 1 |  1.0
Polearms       | 4 6 8 |  8.9
Fighting       | |  3.0
Dodging        | |  2.6
Stealth        | |  1.7

Action                   |  1- 3 |  4- 6 |  7- 9 || total
-------------------------+-------+-------+-------++-------
Melee: Spear             |    12 |       |       ||    12
       Mace              |    52 |   117 |       ||   169
       Trident           |       |    49 |   197 ||   246
       Halberd           |       |       |    17 ||    17
Evoke: Wand              |       |       |     2 ||     2
  Use: Potion            |     1 |       |     3 ||     4
       Scroll            |       |       |     2 ||     2
 Stab: Sleeping          |     3 |     2 |     1 ||     6
       Distracted        |     1 |       |       ||     1
  Eat: Chunk             |       |    11 |     6 ||    17
Armor: Robe              |     7 |       |       ||     7
       Ring mail         |     6 |    56 |    56 ||   118
Dodge: Dodged            |    29 |    83 |    97 ||   209

Table legend:
 A = Spawn XP
 B = Non-spawn XP
 C = Spawn XP percentage of total XP
 D = Spawn monster count
 E = Non-spawn monster count
 F = Spawn count percentage of total count
 G = Total turns spent on level
                    A         B        C        D         E        F      G
               +---------+---------+-------+---------+---------+-------+---------
         Total |     386 |    2142 |  15.3 |      22 |      81 |  21.4 |  6240
               +---------+---------+-------+---------+---------+-------+---------
           D:1 |       8 |      28 |  22.2 |       5 |      13 |  27.8 |   850
           D:2 |       6 |      75 |   7.4 |       3 |       9 |  25.0 |  1188
           D:3 |       8 |     196 |   3.9 |       2 |      14 |  12.5 |  1300
           D:4 |      17 |     346 |   4.7 |       2 |      14 |  12.5 |   992
           D:5 |      94 |     638 |  12.8 |       6 |      15 |  28.6 |  1030
           D:6 |     253 |     859 |  22.8 |       4 |      16 |  20.0 |   880
               +---------+---------+-------+---------+---------+-------+---------
